 Dungeon Crawl Stone Soup version 0.25.1-2-g60ff931df9 (webtiles) character file.

Game seed: 14897691459280438214

925 soggyman666 the Chopper (level 7, -1/61 HPs)
             Began as a Minotaur Fighter on Nov 6, 2020.
             Slain by a slave (7 damage)
             ... led by Pikel
             ... on level 5 of the Dungeon.
             The game lasted 00:08:54 (4496 turns).

soggyman666 the Chopper (Minotaur Fighter)          Turns: 4496, Time: 00:08:56

Health: -1/61      AC:  0    Str: 22    XL:     7   Next: 84%
Magic:  7/7        EV: 14    Int:  5    God:
Gold:   315        SH:  0    Dex: 10    Spells: 6/6 levels left

rFire    . . .     SeeInvis .   (weapon currently unavailable)
rCold    . . .     Gourm    .   (shield currently unavailable)
rNeg     . . .     Faith    .   (armour currently unavailable)
rPois    .         Spirit   .   (helmet currently unavailable)
rElec    .         Reflect  .   (cloak currently unavailable)
rCorr    .         Harm     .   (gloves currently unavailable)
MR       .....                  (boots currently unavailable)
Stlth    +.........             j - amulet of the acrobat
HPRegen  0.20/turn              (ring currently unavailable)
MPRegen  0.10/turn              (ring currently unavailable)

@: pig-form, very quick
A: small, (retaliatory headbutt)
a: no special abilities


You were on level 5 of the Dungeon.
You were not hungry.
You were a filthy swine.
You visited 1 branch of the dungeon, and saw 5 of its levels.

You collected 315 gold pieces.

Inventory:

Hand Weapons
 a - a +1 war axe (melded)
Armour
 b - a +0 scale mail (melded)
 c - a +0 kite shield (melded)
 k - a +0 cloak (melded)
Jewellery
 d - a +4 ring of evasion (melded)
 e - a cursed -4 ring of dexterity {unknown}
 j - an amulet of the acrobat (around neck)
 o - a ring of protection from fire (melded)
Wands
 n - a wand of disintegration (29)
 p - a wand of polymorph (18)
Scrolls
 g - a scroll of remove curse
 i - a scroll of enchant weapon
Potions
 l - a potion of curing
 q - a potion of haste {unknown}
 r - a potion of cancellation {unknown}
 s - 2 potions of resistance {unknown}
Comestibles
 f - 9 rations
 h - 5 chunks of flesh


   Skills:
 + Level 5.0 Fighting
 + Level 7.3 Axes
 + Level 5.7 Armour
 + Level 2.1 Dodging
 + Level 5.4 Shields
 * Level 2.2 Evocations


You had 6 spell levels left.
You didn't know any spells.
Your spell library was empty.

Dungeon Overview and Level Annotations

Branches:
Dungeon (5/15)
 Temple: D:4-7

Altars:
Dithmenos
Gozag
Ru
Vehumet
The Shining One

Annotations:
D:5 Duvessa, Pikel


Innate Abilities, Weirdness & Mutations

((You reflexively headbutt those who attack you in melee.))
((You have a pair of horns on your head.))


Message History

You closely miss Pikel. Your headbutt misses Pikel.
Pikel is lightly wounded.
You hit the slave but do no damage. You slash the crimson imp!
You barely miss the slave. You slash the hound skeleton!
You destroy the hound skeleton!
You barely miss Duvessa. You hit the slave. You block the slave's attack.
Duvessa hits you with a +0 short sword!
* * * LOW HITPOINT WARNING * * *
The slave hits you.
* * * LOW HITPOINT WARNING * * *
The crimson imp blinks!
Pikel zaps a wand.
You turn into a filthy swine.
Your +1 war axe melds into your body.
Your +0 cloak melds into your body.
Your +0 kite shield melds into your body.
Your +0 scale mail melds into your body.
Your +4 ring of evasion melds into your body.
Your ring of protection from fire melds into your body.
The slave hits you.
* * * LOW HITPOINT WARNING * * *
The slave hits you!
You die...

#..........#
#.........!#
#..........#
#..........#
#..........#
##.....p.5..#
#.....KpeJ..#
#.....ph....#
#.....§p....#
#...........#
#...........#
########....#
#....# #....#
#....#
###########
###..#


You could see Pikel, Duvessa (berserk), 4 slaves, a jelly and a crimson imp.

Vanquished Creatures
  A sky beast (D:5)
  A hornet zombie (D:5)
  2 ogres (D:5)
  Dowan (D:5)
  2 crimson imps (D:5)
  An orc priest (D:3)
  2 orc wizards (D:3)
  Crazy Yiuf (D:4)
  Ijyb (D:5)
  3 iguanas
  Natasha (twice) (D:3)
  A worker ant (D:5)
  2 hound skeletons
  4 adders
  A shadow imp (D:4)
  An ooze (D:2)
  2 worms (D:3)
  2 dart slugs
  3 leopard geckos
  13 orcs
  A ball python (D:3)
  3 giant cockroaches
  10 goblins
  3 hobgoblins
  6 jackals
  2 quokkas
  8 bats
  10 frilled lizards
  7 kobolds
  A leopard gecko skeleton (D:3)
  5 rats
102 creatures vanquished.

Notes
Turn   | Place    | Note
-------+----------+-------------------------------------------
     0 | D:1      | soggyman666 the Minotaur Fighter began the quest for the
                  | Orb.
     0 | D:1      | Reached XP level 1. HP: 19/19 MP: 0/0
    95 | D:1      | Reached XP level 2. HP: 25/27 MP: 1/1
   499 | D:1      | Reached XP level 3. HP: 18/33 MP: 2/2
  1112 | D:2      | Reached skill level 3 in Axes
  1400 | D:2      | Reached XP level 4. HP: 39/40 MP: 3/3
  1989 | D:3      | Reached skill level 4 in Axes
  1992 | D:3      | Reached XP level 5. HP: 22/46 MP: 4/4
  2284 | D:3      | Noticed Natasha
  2291 | D:3      | Killed Natasha
  2348 | D:3      | Found a glowing golden altar of the Shining One.
  2483 | D:3      | Reached skill level 1 in Dodging
  2511 | D:3      | Reached skill level 5 in Axes
  2588 | D:3      | Found an opulent altar of Gozag.
  2914 | D:3      | Noticed Natasha
  2921 | D:3      | Killed Natasha
  3044 | D:4      | Reached XP level 6. HP: 48/53 MP: 5/5
  3263 | D:4      | Found a radiant altar of Vehumet.
  3300 | D:4      | Found a shadowy altar of Dithmenos.
  3344 | D:4      | Found a sacrificial altar of Ru.
  3558 | D:4      | Found a runed translucent door.
  3559 | D:4      | Noticed Crazy Yiuf
  3752 | D:4      | Killed Crazy Yiuf
  3752 | D:4      | Reached skill level 5 in Armour
  3812 | D:5      | Entered Level 5 of the Dungeon
  3840 | D:5      | Noticed Ijyb
  3860 | D:5      | Killed Ijyb
  3860 | D:5      | Reached skill level 6 in Axes
  4055 | D:5      | Reached skill level 5 in Shields
  4055 | D:5      | Reached skill level 1 in Evocations
  4055 | D:5      | Reached XP level 7. HP: 60/60 MP: 6/6
  4246 | D:5      | Reached skill level 7 in Axes
  4362 | D:5      | Reached skill level 5 in Fighting
  4482 | D:5      | Noticed Dowan
  4484 | D:5      | Noticed Duvessa
  4485 | D:5      | Noticed Pikel
  4490 | D:5      | Killed Dowan
  4496 | D:5      | Slain by a slave

Illustrated notes

Levels and vault maps discovered:
D:1:      minmay_arrival_open_corners, layout_loops_ring, minmay_lizard_pond
D:2:      layout_basic
D:3:      layout_basic, nicolae_gozag_seed_capital,
          nicolae_overflow_crystal_walls, uniq_natasha
D:4:      layout_rooms, lemuel_doored_altar, nicolae_ru_awakened_eye,
          grunt_dithmenos_shadows, first_ration, serial_rivers,
          chequers_serial_rivers_small_3, chequers_serial_rivers_micro_b,
          chequers_serial_rivers_large_b, chequers_serial_rivers_micro_e,
          chequers_serial_rivers_room_a, chequers_serial_rivers_room_b,
          uniq_crazy_yiuf_cottage
D:5:      layout_basic, kennysheep_generic_room_15, uniq_duvessa, uniq_ijyb,
          uniq_pikel

Skill      XL: |  1  2  3  4  5  6  7 |
---------------+----------------------+-----
Shields        | 4 5 |  5.4
Armour         | 4 5 |  5.7
Fighting       | 4 5 |  5.0
Axes           | 3 4 5 6 7 |  7.3
Dodging        | 1 2 |  2.1
Evocations     | 1 2 |  2.2

Action                   |  1- 3 |  4- 6 |  7- 9 || total
-------------------------+-------+-------+-------++-------
Melee: War axe           |   102 |   128 |    36 ||   266
       Headbutt          |    15 |    21 |     8 ||    44
  Use: Scroll            |     4 |     6 |       ||    10
       Potion            |       |     2 |       ||     2
  Eat: Chunk             |     2 |     8 |     2 ||    12
Armor: Scale mail        |    49 |    35 |    13 ||    97
Dodge: Dodged            |    36 |    62 |    28 ||   126
Block: Kite shield       |    50 |    73 |    29 ||   152
